[Event "Titled Tuesday Blitz February 21 Early 2023"]
[White "Tologon tegin, Semetei"]
[Black "Andrews, Todd"]
[WhiteFideId "13800574"]
[BlackFideId "2012456"]
[WhiteElo "2372"]
[BlackElo "2220"]
[Result "1-0"]
[Round "03"]
[TimeControl "180+2"]
[Date "2023.02.21"]
[WhiteClock "0:00:36"]
[BlackClock "0:00:03"]

1. Nf3 Nf6 2. g3 g6 3. b3 Bg7 4. Bb2 O-O 5. Bg2 d6 6. d4 Nc6 7. O-O e5 8. dxe5 Ng4 9. c4 Ncxe5 10. Nxe5 Nxe5 11. Qd2 c6 12. Nc3 Qe7 13. Rad1 Rd8 14. Ba3 Bf8 15. Ne4 c5 16. Bxc5 Bf5 17. Nxd6 Qe6 18. Qd5 Qf6 19. Qxb7 Rab8 20. Qxa7 h5 21. Ne4 Bxe4 22. Bxe4 h4 23. Rxd8 Rxd8 24. Bxf8 Rxf8 25. Rd1 Kg7 26. Qd4 hxg3 27. hxg3 Re8 28. a4 g5 29. a5 Re6 30. b4 g4 31. b5 Qg5 32. a6 Rh6 33. a7 Qh5 34. a8=Q Qh2+ 35. Kf1 Qh3+ 36. Bg2 1-0


[Site "https://www.chess.com"]

[Event "Titled Tuesday Blitz February 21 Early 2023"]
[White "Mushini Ajay"]
[Black "Sukandar, Irine Kharisma"]
[WhiteFideId "35066188"]
[BlackFideId "7101937"]
[WhiteElo "2310"]
[BlackElo "2390"]
[Result "0-1"]
[Round "03"]
[TimeControl "180+2"]
[Date "2023.02.21"]
[WhiteClock "0:00:04"]
[BlackClock "0:00:11"]

1. e3 e5 2. d4 exd4 3. exd4 d5 4. Nf3 Nf6 5. Bd3 Bd6 6. O-O O-O 7. Bg5 h6 8. Bh4 Be6 9. Nbd2 Nbd7 10. Re1 c6 11. Ne5 Qc7 12. f4 Qb6 13. Bf2 g6 14. c4 dxc4 15. Ndxc4 Qc7 16. f5 Bxc4 17. Bxc4 Nxe5 18. dxe5 Bxe5 19. fxg6 Rad8 20. gxf7+ Kg7 21. Qf3 Bxh2+ 22. Kf1 b5 23. Bb3 c5 24. Re6 Rxf7 25. g3 c4 26. Bc2 Rd2 27. Qf5 Rxc2 28. Qxc2 Bxg3 29. Rae1 Bxf2 30. Qxf2 Ng4 31. Re7 Qxe7 0-1


[Site "https://www.chess.com"]

[Event "Titled Tuesday Blitz February 21 Early 2023"]
[White "Sreyas Payyappat"]
[Black "Maksimenko, Viktor"]
[WhiteFideId "46674969"]
[BlackFideId "13710478"]
[WhiteElo "2076"]
[BlackElo "2196"]
[Result "0-1"]
[Round "03"]
[TimeControl "180+2"]
[Date "2023.02.21"]
[WhiteClock "0:00:03"]
[BlackClock "0:00:36"]

1. e4 e5 2. Nf3 Nc6 3. Bc4 Nf6 4. d4 exd4 5. e5 d5 6. Bb5 Ne4 7. Nxd4 Bd7 8. Bxc6 bxc6 9. c3 Bc5 10. Be3 Qb8 11. Qc2 Bb6 12. O-O O-O 13. Nd2 c5 14. Ne2 Bf5 15. Nxe4 Bxe4 16. Qd2 Rd8 17. f3 Bg6 18. Rad1 d4 19. Bg5 Rd7 20. Nf4 Qe8 21. c4 Qxe5 22. Nd5 Rxd5 23. cxd5 Qxd5 24. Rfe1 h6 25. Bh4 c4 26. Bf2 c5 27. Qe2 Rd8 28. Rc1 Bd3 29. Qe5 Qd7 30. Qe7 Qa4 31. Bg3 Qxa2 32. Bc7 Rf8 33. Bd6 Rc8 34. Qd7 Rd8 35. Re8+ Rxe8 36. Qxe8+ Kh7 37. Qxf7 Qxb2 38. Re1 Bg6 39. Qe7 Qd2 40. Qe2 Qxe2 41. Rxe2 c3 42. Re7 c2 43. Bf4 d3 44. Kf2 c4+ 45. Ke1 c3 46. Re5 Bf2+ 47. Kxf2 d2 48. Re1 d1=Q 0-1


[Site "https://www.chess.com"]

[Event "Titled Tuesday Blitz February 21 Early 2023"]
[White "Ince, Taylan Ruzgar"]
[Black "Valle Maytin, Luis Enrique"]
[WhiteFideId "44513089"]
[BlackFideId "3503666"]
[WhiteElo "2264"]
[BlackElo "2241"]
[Result "0-1"]
[Round "03"]
[TimeControl "180+2"]
[Date "2023.02.21"]
[WhiteClock "0:00:27"]
[BlackClock "0:00:08"]

1. e4 c6 2. Nf3 d5 3. d3 Bg4 4. Nbd2 Nf6 5. e5 Nfd7 6. h3 Bxf3 7. Nxf3 e6 8. d4 c5 9. c3 Nc6 10. a3 Qb6 11. b4 cxd4 12. cxd4 Rc8 13. Be2 a5 14. b5 Ne7 15. O-O Nf5 16. Qa4 Be7 17. Bd2 Bd8 18. g4 Ne7 19. Rfc1 Rxc1+ 20. Rxc1 O-O 21. Rc8 Nxc8 22. g5 Ne7 23. Bd3 Qc7 24. Qd1 Re8 25. Nh2 Nf8 26. h4 Nf5 27. Qg4 Be7 28. Nf1 Qb6 29. Ng3 Nxg3 30. fxg3 Bxa3 31. h5 Rc8 32. Kg2 Rc4 33. Be3 Rc3 34. Qe2 Rxd3 35. Qxd3 Bb4 36. g6 fxg6 37. h6 gxh6 38. Bxh6 Nd7 39. Qc2 Bf8 40. Be3 Qxb5 41. Qc8 Qc6 42. Qa8 Nxe5 43. Bh6 Nd7 44. Be3 Qc7 45. Qe8 Qd6 46. Qa8 Nf6 47. Bf4 Qe7 48. Be5 Kf7 49. Qxa5 Bg7 50. Qe1 Ne4 51. Qf1+ Kg8 52. Bf4 Bxd4 53. Qc1 Bg7 54. Qc8+ Bf8 55. Be5 h6 56. Qc1 Kh7 57. Qc8 Bg7 58. Bc7 Ng5 59. Bd8 Qf7 60. Bxg5 hxg5 61. Qc1 Bf6 62. Qb1 Kg7 63. Kh3 d4 64. Kg4 e5 65. Qb5 Qe6+ 66. Kf3 Qc6+ 0-1


[Site "https://www.chess.com"]

[Event "Titled Tuesday Blitz February 21 Early 2023"]
[White "Ambartsumova, Karina"]
[Black "Kielinkei"]
[WhiteFideId "4166299"]
[WhiteElo "2393"]
[BlackElo "2378"]
[Result "1-0"]
[Round "03"]
[TimeControl "180+2"]
[Date "2023.02.21"]
[WhiteClock "0:00:32"]
[BlackClock "0:00:16"]

1. Nf3 Nf6 2. g3 b5 3. Bg2 Bb7 4. a4 b4 5. O-O e6 6. d4 Be7 7. c4 c5 8. d5 exd5 9. Nh4 O-O 10. cxd5 d6 11. a5 a6 12. e4 Nbd7 13. Nd2 Ne5 14. f4 Nd3 15. Qe2 Nxc1 16. Rfxc1 Bc8 17. Nc4 Rb8 18. e5 Ne8 19. Nf3 dxe5 20. Nfxe5 Bd7 21. Nxd7 Qxd7 22. Ne5 Qc7 23. Nc6 Rb7 24. Qxa6 Bd6 25. Qd3 Nf6 26. a6 Rb6 27. a7 Ra8 28. Ra6 Nd7 29. Re1 c4 30. Qxc4 Bc5+ 31. Kh1 Rxa6 32. Qxa6 Bxa7 33. d6 Qb6 34. Qxb6 Nxb6 35. Ne7+ Kf8 36. Bxa8 Nxa8 37. Nc8 Bb6 38. d7 1-0


[Site "https://www.chess.com"]

[Event "Titled Tuesday Blitz February 21 Early 2023"]
[White "WindWhistler11"]
[Black "Miszler, Levente"]
[BlackFideId "763276"]
[WhiteElo "2536"]
[BlackElo "2271"]
[Result "0-1"]
[Round "03"]
[TimeControl "180+2"]
[Date "2023.02.21"]
[WhiteClock "0:00:01"]
[BlackClock "0:00:35"]

1. Nf3 Nf6 2. g3 g6 3. d3 Bg7 4. Nbd2 d6 5. Bg2 O-O 6. O-O e5 7. c4 Nc6 8. Rb1 a5 9. b3 h6 10. a3 Be6 11. Bb2 Qd7 12. Re1 Bh3 13. Bh1 Nh5 14. Nh4 g5 15. Ng2 f5 16. e3 Nf6 17. f4 Rae8 18. b4 axb4 19. axb4 Ng4 20. b5 Nd8 21. Nf1 Ne6 22. fxe5 dxe5 23. Ba3 Rf7 24. c5 f4 25. exf4 Qd4+ 26. Nge3 exf4 27. Rb4 fxe3 28. Rxd4 Bxd4 29. Qe2 Rf2 30. Bxb7 Ref8 31. Nxe3 Rxe2 0-1


[Site "https://www.chess.com"]

[Event "Titled Tuesday Blitz February 21 Early 2023"]
[White "Dixit, Nikhil"]
[Black "Can, Melih Kaan"]
[WhiteFideId "5059534"]
[BlackFideId "6317383"]
[WhiteElo "2257"]
[BlackElo "2069"]
[Result "1/2-1/2"]
[Round "03"]
[TimeControl "180+2"]
[Date "2023.02.21"]
[WhiteClock "0:00:18"]
[BlackClock "0:01:18"]

1. e4 c5 2. Nf3 Nc6 3. Bb5 d6 4. O-O Bd7 5. c3 Nf6 6. Re1 a6 7. Bf1 Bg4 8. h3 Bxf3 9. Qxf3 g6 10. d3 Bg7 11. Na3 O-O 12. Nc2 Nd7 13. Ne3 b5 14. h4 h5 15. g4 Nce5 16. Qg3 hxg4 17. Nxg4 Nxg4 18. Qxg4 b4 19. Bd2 bxc3 20. bxc3 Rb8 21. h5 Nf6 22. Qh3 Nxh5 23. Be2 Rb2 24. Rad1 Rxd2 25. Rxd2 Bxc3 26. Bxh5 Bxd2 27. Rd1 Bc3 28. Bg4 Bg7 29. Kg2 Qa5 30. Rh1 Rb8 31. Be6 Qc3 32. Bc4 Qf6 33. Bxa6 d5 34. Bc8 e6 35. Bd7 Qg5+ 36. Qg3 Qxg3+ 37. Kxg3 Be5+ 38. f4 Bd4 39. e5 Rb2 40. a4 Ra2 41. Rb1 Kg7 42. Rb8 c4 43. dxc4 dxc4 44. Rb4 Rc2 45. Bb5 g5 46. Rxc4 gxf4+ 47. Kxf4 Rxc4 48. Bxc4 Bc3 49. Ke4 Ba5 50. Bb5 Kf8 51. Bd7 Ke7 52. Bb5 f6 53. exf6+ Kxf6 54. Bc4 e5 55. Be2 Ke6 56. Bd1 Kd6 57. Bb3 Kc5 58. Bd1 Kb4 59. Bc2 Bc7 60. Kf3 Ka5 61. Ke2 Bb8 62. Kd3 Ba7 63. Bd1 Bd4 64. Kc4 Ba7 65. Bf3 Bd4 66. Kd3 Kxa4 67. Ke4 Kb4 68. Bh5 Be3 69. Bd1 Kc3 70. Bg4 Kb2 71. Bd7 Ka3 72. Bc8 Kb4 73. Bb7 Ka5 74. Bd5 Kb6 75. Bg8 Kc7 76. Bh7 Bd4 77. Bg6 Kd6 78. Bf5 Ke7 79. Bg4 Kf6 80. Bh3 Kg5 81. Bg2 Kh4 82. Bf1 Kg5 83. Be2 Kf6 84. Bd3 Ke7 85. Bc2 Kd6 86. Bb1 Kc5 87. Ba2 Kb4 88. Bf7 Kb5 89. Be8+ Kb6 90. Bg6 Kc7 91. Kd3 Kd6 92. Bh7 e4+ 93. Ke2 e3 94. Bg8 Bc3 95. Ba2 Be1 96. Bb1 Ke5 97. Bg6 Kf6 98. Bh5 Kg5 99. Bf3 Bf2 100. Bh1 Kf4 101. Bb7 Kg3 102. Ba6 Kf4 103. Bb5 Ke5 104. Ba4 Kd4 105. Bd1 Kc4 106. Ba4 Kc5 107. Be8 Kd6 108. Bg6 Kc7 109. Bb1 Kb7 110. Bc2 Kc8 111. Bd3 Kd8 112. Be4 Ke8 113. Bf3 Kf8 114. Bg2 Ke8 115. Bh1 Kf8 116. Ba8 Ke8 117. Bb7 Kf8 118. Be4 Ke8 119. Bg6+ Ke7 120. Bc2 Ke8 121. Bb1 Ke7 122. Ba2 Ke8 123. Bd5 Ke7 124. Bf3 Be1 125. Kxe1 e2 126. Bh1 Ke8 127. Bg2 Ke7 128. Ba8 Ke8 129. Bb7 Ke7 130. Ba6 Ke8 131. Bb5+ Ke7 132. Ba4 Kd8 133. Bb3 Ke7 134. Bc2 Kd8 135. Bb1 Ke7 136. Bg6 Kd8 137. Bh7 Ke7 138. Bd3 Kd8 139. Bc4 Ke7 140. Bb3 Kd8 141. Ba2 Ke7 142. Bb1 Kd8 143. Bc2 Ke7 144. Bd3 Kd8 145. Be4 Ke7 146. Bf3 Kd8 147. Bg2 Ke7 148. Bh1 Kd8 149. Ba8 Ke7 150. Bb7 Kd8 151. Ba6 Ke7 152. Bc8 Kd8 153. Bh3 Ke7 154. Bg4 Kd8 155. Bf5 Ke7 156. Be4 Kd8 157. Bd5 Ke7 158. Bc4 Kd8 159. Bb5 Ke7 160. Ba4 Kd8 161. Bc2 Ke7 162. Be4 Kd8 163. Bh1 Ke7 164. Ba8 Kd8 165. Bb7 Ke7 166. Ba6 Kd8 167. Bc4 Ke7 168. Bg8 Kd8 169. Bh7 Ke7 170. Bb1 Kd8 171. Ba2 Ke7 172. Bc4 Kd8 173. Bb3 Ke7 174. Ba4 1/2-1/2


[Site "https://www.chess.com"]

[Event "Titled Tuesday Blitz February 21 Early 2023"]
[White "Kaganskiy, Gleb"]
[Black "gshwbedhkhd"]
[WhiteFideId "4132025"]
[WhiteElo "2205"]
[BlackElo "2556"]
[Result "0-1"]
[Round "03"]
[TimeControl "180+2"]
[Date "2023.02.21"]
[WhiteClock "0:00:07"]
[BlackClock "0:00:48"]

1. e4 c5 2. Nf3 e6 3. c3 Nf6 4. e5 Nd5 5. d4 cxd4 6. cxd4 d6 7. Bc4 Nc6 8. O-O Be7 9. Qe2 O-O 10. Nc3 Nxc3 11. bxc3 dxe5 12. dxe5 b6 13. Re1 Bb7 14. Bf4 Rc8 15. Rac1 Qc7 16. Bd3 Rfd8 17. h4 Na5 18. Nd4 Nc4 19. Qh5 g6 20. Qg4 Bd5 21. h5 Bf8 22. hxg6 hxg6 23. f3 Bg7 24. Kf2 Bxe5 25. Bxg6 fxg6 26. Bxe5 Nxe5 27. Qg5 Nd3+ 28. Kg1 Nxe1 29. Rxe1 Qf7 30. Kf2 Re8 31. Rh1 e5 32. Qh6 Qg7 33. Qxg7+ Kxg7 34. Rh7+ Kxh7 35. Nf5 gxf5 36. g4 fxg4 37. f4 exf4 38. c4 Rxc4 39. a4 Rc2+ 40. Kf1 Bc4+ 41. Kg1 Re1# 0-1


[Site "https://www.chess.com"]

[Event "Titled Tuesday Blitz February 21 Early 2023"]
[White "Fiorito, Francisco"]
[Black "Delgado Rosas, Fatima Alexandra"]
[WhiteFideId "180165"]
[BlackFideId "6603963"]
[WhiteElo "2305"]
[BlackElo "1500"]
[Result "1-0"]
[Round "03"]
[TimeControl "180+2"]
[Date "2023.02.21"]
[WhiteClock "0:01:51"]
[BlackClock "0:01:42"]

1. d4 Nf6 2. Nc3 d5 3. Bf4 e6 4. Nb5 Na6 5. e3 c6 6. Nc3 Nc7 7. g4 Bd6 8. g5 Ne4 9. Nxe4 dxe4 10. Ne2 Nd5 11. Bxd6 Qxd6 12. Bg2 Qb4+ 13. Qd2 Qxb2 14. O-O f5 15. gxf6 Nxf6 16. Ng3 O-O 17. Nxe4 Nxe4 18. Bxe4 Qa3 19. Kh1 Kh8 20. Rg1 Qd6 21. Rg5 Bd7 22. Rag1 Rf7 23. Qe2 Qe7 24. Qh5 h6 25. Rg6 Rf5 26. Bxf5 exf5 27. Rxh6+ gxh6 28. Qxh6+ Qh7 29. Qf6+ 1-0


[Site "https://www.chess.com"]

[Event "Titled Tuesday Blitz February 21 Early 2023"]
[White "Karttunen, Mika"]
[Black "Jimenez, Joaquin"]
[WhiteFideId "502081"]
[BlackFideId "109860"]
[WhiteElo "2490"]
[BlackElo "2195"]
[Result "1/2-1/2"]
[Round "03"]
[TimeControl "180+2"]
[Date "2023.02.21"]
[WhiteClock "0:00:15"]
[BlackClock "0:00:58"]

1. d4 Nf6 2. c4 g6 3. Nc3 Bg7 4. e4 d6 5. Nf3 O-O 6. h3 e5 7. d5 a5 8. Be3 Na6 9. Be2 Nc5 10. Nd2 Ne8 11. g4 f5 12. gxf5 gxf5 13. Bxc5 dxc5 14. exf5 Bxf5 15. Bg4 Nd6 16. Rg1 Kh8 17. Bxf5 Rxf5 18. Qg4 Qf6 19. Nde4 Qf7 20. Nxd6 cxd6 21. Ne4 Rd8 22. Ng5 Qf6 23. Ne6 Rg8 24. Rg2 e4 25. Nxg7 Rxg7 26. Qxg7+ Qxg7 27. Rxg7 Kxg7 28. Ke2 Rf3 29. Rg1+ Kf7 30. Rg3 Rf5 31. Ke3 b5 32. b3 a4 33. cxb5 axb3 34. axb3 Rxd5 35. Kxe4 Rd4+ 36. Kf5 Rb4 37. Rd3 Ke7 38. Rg3 Kf7 39. Rd3 Ke7 40. Rg3 Kf7 1/2-1/2


[Site "https://www.chess.com"]

[Event "Titled Tuesday Blitz February 21 Early 2023"]
[White "Szyszylo, Rafal"]
[Black "Ismagilov, Damir"]
[WhiteFideId "1109626"]
[BlackFideId "34199982"]
[WhiteElo "2091"]
[BlackElo "2156"]
[Result "0-1"]
[Round "03"]
[TimeControl "180+2"]
[Date "2023.02.21"]
[WhiteClock "0:00:01"]
[BlackClock "0:00:30"]

1. e4 c6 2. d4 d5 3. e5 g6 4. Nf3 Bg7 5. Be2 Bg4 6. Nbd2 e6 7. h3 Bxf3 8. Nxf3 Ne7 9. O-O O-O 10. c3 c5 11. Bd3 Nbc6 12. Be3 Nf5 13. Bxf5 gxf5 14. Qd2 Kh8 15. Bg5 Qa5 16. Qf4 Qc7 17. Rfe1 Rg8 18. Qh4 Rae8 19. Bf6 Bxf6 20. exf6 Rg6 21. Ng5 h6 22. f4 cxd4 23. Qh5 Qxf4 24. Nxf7+ Kh7 25. Re2 Reg8 26. Rf1 Qg3 27. Rf3 Qc7 28. Nd6 Qxd6 29. f7 Rf8 0-1


[Site "https://www.chess.com"]

[Event "Titled Tuesday Blitz February 21 Early 2023"]
[White "Manukyan, Sargis A."]
[Black "Koridze, Lile"]
[WhiteFideId "13303970"]
[BlackFideId "13612514"]
[WhiteElo "2158"]
[BlackElo "2191"]
[Result "1-0"]
[Round "03"]
[TimeControl "180+2"]
[Date "2023.02.21"]
[WhiteClock "0:00:35"]
[BlackClock "0:00:52"]

1. d4 Nf6 2. c4 e6 3. Nc3 Bb4 4. a3 Bxc3+ 5. bxc3 O-O 6. e3 d5 7. cxd5 exd5 8. Bd3 c5 9. Ne2 c4 10. Bb1 Nc6 11. O-O Re8 12. f3 Na5 13. Bc2 Nc6 14. Ng3 h5 15. Nh1 Ne7 16. Nf2 Nf5 17. e4 dxe4 18. fxe4 Ne7 19. Bg5 Qb6 20. Bxf6 Qxf6 21. Qxh5 Qg6 22. Qxg6 Nxg6 23. e5 Nf4 24. Rfe1 Be6 25. Ne4 Nd5 26. Nd6 Re7 27. Nxc4 Nxc3 28. Nd6 Nd5 29. Rac1 Rd8 30. Be4 b6 31. Rc2 Rc7 32. Rxc7 Nxc7 33. Rc1 Nd5 34. Bxd5 Bxd5 35. Rc7 a5 36. Nc8 b5 37. Rc5 Bc4 38. Nd6 Bd3 39. Nxb5 Rb8 40. Nd6 a4 41. Rc8+ 1-0


[Site "https://www.chess.com"]

[Event "Titled Tuesday Blitz February 21 Early 2023"]
[White "Torres Boch, Jose Francisco"]
[Black "Najdin, Danil"]
[WhiteFideId "2278383"]
[BlackFideId "4172426"]
[WhiteElo "2180"]
[BlackElo "2235"]
[Result "1-0"]
[Round "03"]
[TimeControl "180+2"]
[Date "2023.02.21"]
[WhiteClock "0:00:06"]
[BlackClock "0:00:03"]

1. e4 g6 2. d4 c6 3. Nc3 d5 4. exd5 cxd5 5. h4 Nf6 6. Be2 Bg7 7. h5 gxh5 8. Bxh5 Nxh5 9. Rxh5 e6 10. Nf3 Nc6 11. Qe2 Nxd4 12. Nxd4 Bxd4 13. Nxd5 Bd7 14. c3 Bg7 15. Bf4 Rc8 16. O-O-O O-O 17. Qd3 f5 18. Ne3 Bc6 19. Qc4 Qe8 20. Qe2 Bb5 21. Qf3 Qe7 22. Nc2 Bc6 23. Qg3 Qf7 24. Rdh1 Qf6 25. Rxh7 Be8 26. R7h6 Qe7 27. Be5 1-0


[Site "https://www.chess.com"]

[Event "Titled Tuesday Blitz February 21 Early 2023"]
[White "Fisher_TheGalactic"]
[Black "Todev, Simeon"]
[BlackFideId "2925133"]
[WhiteElo "2535"]
[BlackElo "2033"]
[Result "1-0"]
[Round "03"]
[TimeControl "180+2"]
[Date "2023.02.21"]
[WhiteClock "0:02:17"]
[BlackClock "0:00:06"]

1. Nf3 g6 2. c4 Bg7 3. Nc3 e5 4. e3 Ne7 5. d4 exd4 6. exd4 d5 7. c5 O-O 8. Bd3 b6 9. O-O Nd7 10. Be3 bxc5 11. dxc5 Ne5 12. Nd4 N7c6 13. Bb5 Nxd4 14. Bxd4 Bg4 15. f3 Bf5 16. Re1 Nc4 17. Bxg7 Kxg7 18. Nxd5 Nxb2 19. Qd4+ f6 20. Re7+ Rf7 21. Qxf6+ Kh6 22. Qxf7 Qh8 23. Qf6 Qxf6 24. Nxf6 Rd8 25. h4 g5 26. h5 Rd2 27. g4 Bc2 28. Ng8# 1-0


[Site "https://www.chess.com"]

[Event "Titled Tuesday Blitz February 21 Early 2023"]
[White "Toktomushev, Teimur"]
[Black "Vovk, Orest"]
[WhiteFideId "14176726"]
[BlackFideId "14113490"]
[WhiteElo "2239"]
[BlackElo "2315"]
[Result "1-0"]
[Round "03"]
[TimeControl "180+2"]
[Date "2023.02.21"]
[WhiteClock "0:00:07"]
[BlackClock "0:00:08"]

1. d4 h6 2. e4 g5 3. c4 Bg7 4. Nc3 c5 5. d5 Bxc3+ 6. bxc3 d6 7. h4 Qa5 8. hxg5 hxg5 9. Rxh8 Qxc3+ 10. Bd2 Qxh8 11. Bxg5 Qe5 12. Nf3 Qxe4+ 13. Be2 Bg4 14. Kf1 Nd7 15. Rc1 Ngf6 16. Qb3 Qh7 17. Kg1 b6 18. Qe3 Qh5 19. Re1 O-O-O 20. Bxf6 exf6 21. g3 Ne5 22. Nxe5 fxe5 23. Bxg4+ Qxg4 24. Qe4 Qxe4 25. Rxe4 Rh8 26. f4 f5 27. Re3 e4 28. Kg2 Rg8 29. Kh2 Kd7 30. Ra3 a5 31. Rb3 Kc7 32. a4 Re8 33. Re3 Kd7 34. Kg2 Ke7 35. Kh3 Kf6 36. Kg2 Re7 37. Kh3 Kg6 38. Kg2 Kh5 39. Kh3 Re8 40. Kg2 Kg4 41. Kh2 Rh8+ 42. Kg2 Rh3 43. Rb3 Rh7 44. Rxb6 Re7 45. Rxd6 Kh5 46. Rc6 e3 47. Kf1 e2+ 48. Ke1 Kg4 49. Rxc5 Kf3 50. d6 Rh7 51. Re5 Rh1+ 52. Kd2 Rd1+ 53. Kc2 e1=Q 54. Rxe1 Rxe1 55. c5 Re2+ 56. Kc3 Ke4 57. d7 Re3+ 58. Kc4 Rd3 59. c6 Rd6 60. c7 Rd4+ 61. Kc5 Rxd7 62. c8=Q Rd5+ 63. Kc6 Rd3 64. Qe8+ Kf3 65. Kb5 Rb3+ 66. Kxa5 Kxg3 67. Qg6+ Kxf4 68. Qh6+ Ke4 69. Qe6+ Kf4 70. Qxb3 Kg5 71. Kb5 1-0


[Site "https://www.chess.com"]

[Event "Titled Tuesday Blitz February 21 Early 2023"]
[White "Alice, Mateus Felizardo Viageiro"]
[Black "Melian, Juan Sebastian"]
[WhiteFideId "14800047"]
[BlackFideId "3706575"]
[WhiteElo "2202"]
[BlackElo "2293"]
[Result "1-0"]
[Round "03"]
[TimeControl "180+2"]
[Date "2023.02.21"]
[WhiteClock "0:01:07"]
[BlackClock "0:00:27"]

1. e4 c5 2. Nf3 e6 3. d4 cxd4 4. Nxd4 a6 5. Nc3 b5 6. a3 Bb7 7. Bd3 Nc6 8. Nb3 Nf6 9. O-O d6 10. Kh1 Be7 11. f4 O-O 12. Qe2 e5 13. Be3 Rc8 14. Rad1 exf4 15. Bxf4 Qe8 16. Nd5 Rd8 17. Nxe7+ Nxe7 18. Nd4 Rd7 19. Bg5 d5 20. Rxf6 gxf6 21. Bxf6 Rd6 22. e5 Rb6 23. Qh5 Ng6 24. Qh6 1-0


[Site "https://www.chess.com"]

[Event "Titled Tuesday Blitz February 21 Early 2023"]
[White "Principe, Gerson"]
[Black "Fajdetic, Hrvoje"]
[WhiteFideId "3804550"]
[BlackFideId "14501945"]
[WhiteElo "2226"]
[BlackElo "2151"]
[Result "1-0"]
[Round "03"]
[TimeControl "180+2"]
[Date "2023.02.21"]
[WhiteClock "0:00:05"]
[BlackClock "0:00:01"]

1. d4 e6 2. c4 f5 3. g3 Nf6 4. Bg2 Be7 5. Nc3 O-O 6. Bg5 d6 7. e3 Qe8 8. Nge2 Nbd7 9. Qc2 h6 10. Bxf6 Nxf6 11. h4 e5 12. Nd5 Bd8 13. Nxf6+ Bxf6 14. O-O-O a5 15. Bh3 Qh5 16. Bg2 a4 17. Kb1 f4 18. gxf4 Bf5 19. e4 Bg4 20. Ng3 Bxd1 21. Rxd1 Qxh4 22. fxe5 dxe5 23. d5 Qg5 24. Bh3 Rfd8 25. Be6+ Kh8 26. Nf5 c6 27. Qe2 b5 28. d6 bxc4 29. d7 Rab8 30. Qxc4 a3 31. b3 Qf4 32. Qc2 Rb4 33. Nd6 Rbb8 34. Nf7+ Kh7 35. Nxd8 Bxd8 36. Bf5+ Kh8 37. Be6 Bf6 38. Bf5 Bh4 39. Qd2 Qg5 40. Qxg5 Bxg5 41. Kc2 Kg8 42. Kd3 Kf7 43. Kc4 g6 44. Bh3 h5 45. Kc5 Be7+ 46. Kxc6 Rd8 47. Kc7 g5 48. Bf5 g4 49. Rh1 Rh8 50. Bxg4 hxg4 51. Rxh8 1-0


[Site "https://www.chess.com"]

[Event "Titled Tuesday Blitz February 21 Early 2023"]
[White "Aggelis, Nikolaos"]
[Black "Vaglio Munoz, Jaime"]
[WhiteFideId "4213220"]
[BlackFideId "6500145"]
[WhiteElo "2270"]
[BlackElo "2174"]
[Result "1-0"]
[Round "03"]
[TimeControl "180+2"]
[Date "2023.02.21"]
[WhiteClock "0:01:22"]
[BlackClock "0:00:02"]

1. d4 c6 2. Nf3 g6 3. g3 Bg7 4. Bg2 Nf6 5. O-O O-O 6. c4 d5 7. Nbd2 b5 8. b3 a5 9. Ne5 a4 10. e4 axb3 11. cxd5 cxd5 12. exd5 Rxa2 13. Rb1 Nxd5 14. Qxb3 Be6 15. Qxa2 Nc3 16. Qb2 Ne2+ 17. Kh1 Nxd4 18. f4 f6 19. Nef3 Nbc6 20. Nxd4 Nxd4 21. Nf3 f5 22. Nxd4 Bxd4 23. Qxb5 Ba2 24. Rb2 Bxb2 25. Bxb2 Qd2 26. Qe5 Rf6 27. Qd4 Qa5 28. Ra1 Kf7 29. Rxa2 Qe1+ 30. Qg1 1-0


[Site "https://www.chess.com"]

[Event "Titled Tuesday Blitz February 21 Early 2023"]
[White "mohsengabr2002"]
[Black "Goldin, Alexander"]
[BlackFideId "2019540"]
[WhiteElo "2324"]
[BlackElo "2542"]
[Result "0-1"]
[Round "03"]
[TimeControl "180+2"]
[Date "2023.02.21"]
[WhiteClock "0:02:38"]
[BlackClock "0:02:30"]

1. b3 d5 2. e3 c6 3. Bb2 Bf5 4. Nf3 h6 5. Be2 e6 6. Ne5 Nd7 7. Nxd7 Qxd7 8. g4 Be4 9. f3 Bg6 10. h4 h5 11. g5 Ne7 12. Nc3 Nf5 13. Kf2 Bd6 14. Rh3 O-O-O 15. Qg1 e5 16. e4 Nd4 17. Bd3 Qxh3 0-1


[Site "https://www.chess.com"]

[Event "Titled Tuesday Blitz February 21 Early 2023"]
[White "Corredor Castellanos, Camilo"]
[Black "Novikov, Evgenij"]
[WhiteFideId "4425871"]
[BlackFideId "4125380"]
[WhiteElo "1957"]
[BlackElo "2276"]
[Result "1-0"]
[Round "03"]
[TimeControl "180+2"]
[Date "2023.02.21"]
[WhiteClock "0:01:28"]
[BlackClock "0:00:05"]

1. Nf3 b5 2. e3 a6 3. c4 Bb7 4. cxb5 axb5 5. Bxb5 Nf6 6. O-O g5 7. d4 h5 8. Nc3 h4 9. Ne5 c6 10. Bc4 e6 11. f4 d6 12. Nxf7 Kxf7 13. fxg5 Bg7 14. gxf6 Bh6 15. Qh5+ Kf8 16. Qg6 Qd7 17. e4 Bxc1 18. Raxc1 Qf7 19. Qg4 Bc8 20. e5 d5 21. Bd3 Rg8 22. Qxh4 c5 23. Nb5 Ra6 24. Qh6+ Ke8 25. Nd6+ Rxd6 26. exd6 c4 27. Bc2 Nc6 28. Ba4 Bd7 29. b3 Rg6 30. Qh8+ Rg8 31. Qh4 Qg6 32. f7+ Kf8 33. fxg8=Q+ Kxg8 34. bxc4 Nxd4 35. Bxd7 Ne2+ 36. Kh1 Nxc1 37. Qe7 1-0


[Site "https://www.chess.com"]

[Event "Titled Tuesday Blitz February 21 Early 2023"]
[White "Ladan, Nicholas"]
[Black "Sovetbekova, Nurai"]
[WhiteFideId "30918855"]
[BlackFideId "13801910"]
[WhiteElo "2228"]
[BlackElo "1764"]
[Result "0-1"]
[Round "03"]
[TimeControl "180+2"]
[Date "2023.02.21"]
[WhiteClock "0:00:06"]
[BlackClock "0:00:09"]

1. e3 Nf6 2. Nc3 g6 3. h4 Bg7 4. h5 O-O 5. h6 Bh8 6. Nf3 d5 7. d4 c5 8. Bd2 Nc6 9. Bb5 Bg4 10. Bxc6 bxc6 11. Ne2 Ne4 12. c3 Qb6 13. Rb1 cxd4 14. cxd4 Bxf3 15. gxf3 Nxd2 16. Qxd2 e5 17. Rh4 exd4 18. Nxd4 Rfe8 19. Kf1 c5 20. Ne2 Rad8 21. b3 Qf6 22. Rf4 Qg5 23. Ng3 d4 24. Qe2 dxe3 25. fxe3 Qxg3 26. Rd1 Rxd1+ 27. Qxd1 Qh3+ 28. Kf2 Qxh6 29. Qd7 Qf8 30. a4 Be5 31. Re4 f6 32. f4 Rd8 33. Qe6+ Qf7 34. Qxf7+ Kxf7 35. fxe5 Re8 36. Rh4 h5 37. exf6 Kxf6 38. Rc4 Re5 39. Rc3 g5 40. Rd3 h4 41. Rd7 Re7 42. Rd6+ Ke5 43. Rg6 Kf5 44. Rc6 Re5 45. Rc7 a5 46. Ra7 Kg4 47. Rxa5 h3 48. b4 Rf5+ 49. Kg1 Kg3 50. Rxc5 h2+ 51. Kh1 Rf1# 0-1


[Site "https://www.chess.com"]

[Event "Titled Tuesday Blitz February 21 Early 2023"]
[White "Meera, Sai"]
[Black "Martin Duque, Jesus"]
[WhiteFideId "5004357"]
[BlackFideId "2208954"]
[WhiteElo "2064"]
[BlackElo "2386"]
[Result "0-1"]
[Round "03"]
[TimeControl "180+2"]
[Date "2023.02.21"]
[WhiteClock "0:00:03"]
[BlackClock "0:01:11"]

1. e4 c5 2. Nf3 b6 3. d4 cxd4 4. Nxd4 Bb7 5. Nc3 a6 6. g3 h5 7. h3 e6 8. Bg2 Ne7 9. O-O Ng6 10. f4 Bc5 11. Be3 Nc6 12. Qd2 h4 13. g4 Nxf4 14. Nxc6 Bxe3+ 15. Qxe3 Nxg2 16. Nxd8 Nxe3 17. Nxb7 Nxf1 18. Rxf1 Ke7 19. Rd1 d5 20. exd5 Rab8 21. d6+ Kd7 22. Rf1 f6 23. g5 f5 24. Rd1 Rxb7 25. Ne2 Rc8 26. Nf4 Rc6 27. Ng6 Rxd6 28. Ne5+ Kc7 29. Re1 Kd8 30. Nf3 Rc7 31. c3 Rc4 32. Nd4 Kd7 33. Kf2 b5 34. Ke3 g6 35. Kd3 Rc5 36. Kc2 e5 37. Nf3 e4 38. Nd4 Rxd4 39. b4 Rxb4 40. Rd1+ Kc7 41. Rd8 Kxd8 0-1


[Site "https://www.chess.com"]